 Dungeon Crawl Stone Soup version 0.17-a0-1863-g715b4b0 (webtiles) character file.

375 Goblin1989 the Twirler (level 6, -2/35 HPs)
             Began as a Gargoyle Gladiator on Sept 21, 2015.
             Was an Initiate of Fedhas.
             Shot with an arrow by a centaur (10 damage)
             ... on level 5 of the Dungeon.
             The game lasted 00:09:21 (3178 turns).

Goblin1989 the Twirler (Gargoyle Gladiator)         Turns: 3178, Time: 00:09:21

Health: -2/35      AC: 12    Str: 24    XL:     6   Next: 72%
Magic:  6/6        EV: 12    Int: 13    God:    Fedhas [......]
Gold:   195        SH:  0    Dex: 12    Spells: 0 memorised, 5 levels left

rFire  . . .     SeeInvis .     a - +0 quarterstaff
rCold  . . .     Clarity  .     b - +0 leather armour
rNeg   + . .     SustAt   .     (no shield)
rPois  ∞         Gourm    .     c - +0 helmet
rElec  +         Spirit   .     j - +0 cloak
rCorr  .         Warding  .     s - +2 pair of gloves
rMut   .         Stasis   .     (no boots)
MR     .....                    (no amulet)
Stlth  +.........               (no ring)
                                (no ring)

@: mighty, brilliant, very slightly contaminated, invisible, not resistant to
hostile enchantments, very unstealthy
A: negative energy resistance 1, electricity resistance, unbreathing,
petrification resistance, rot immunity, AC +4
a: Renounce Religion


You were on level 5 of the Dungeon.
You worshipped Fedhas.
Fedhas was noncommittal.
You were not hungry.

You visited 1 branch of the dungeon, and saw 5 of its levels.

You collected 195 gold pieces.

Inventory:

Hand weapons
 a - a +0 quarterstaff (weapon)
Missiles
 d - 3 throwing nets (quivered)
Armour
 b - a +0 leather armour (worn)
 c - a +0 helmet (worn)
 j - a +0 cloak (worn)
 s - a +2 pair of gloves (worn)
Jewellery
 g - an uncursed amulet of resist corrosion {unknown}
 r - an uncursed amulet of regeneration {unknown}
 D - an uncursed amulet of resist mutation {unknown}
Magical devices
 y - a wand of draining (6)
 I - a wand of magic darts (10)
Scrolls
 f - a scroll of teleportation {unknown}
 h - 2 scrolls of random uselessness {unknown}
 i - a scroll of noise {unknown}
 k - 3 scrolls of enchant weapon {unknown}
 l - 2 scrolls of enchant armour {unknown}
 m - 3 scrolls of identify {unknown}
 p - 4 scrolls of remove curse {unknown}
 u - a scroll of recharging {unknown}
 x - 3 scrolls of magic mapping {unknown}
 C - 2 scrolls of amnesia {unknown}
 E - a scroll of fear {unknown}
 H - a scroll of blinking {unknown}
 J - a scroll of summoning {unknown}
Potions
 q - a potion of magic {unknown}
 t - a potion of cancellation {unknown}
 v - a potion of heal wounds {unknown}
 z - a potion of brilliance
 B - a potion of experience {unknown}
 G - a potion of mutation {unknown}
Comestibles
 w - 2 slices of pizza
 A - 2 meat rations
 F - a bread ration


   Skills:
 - Level 2.1 Fighting
 + Level 7.3 Staves
 - Level 2.0 Throwing
 - Level 2.4 Dodging


You had 5 spell levels left.
You didn't know any spells.

Dungeon Overview and Level Annotations

Branches:
Dungeon (5/15)
 Temple: D:4-7

Altars:
Ashenzari
Fedhas
Ru
Trog
Yredelemnul
The Shining One

Annotations:
D:3 matakusis's ghost, average DsGl


Innate Abilities, Weirdness & Mutations

You are resistant to torment.
Your stone body is resilient (AC +4).
You are immune to poison.
You resist negative energy.
You are resistant to electric shocks.
You can survive without breathing.
You are immune to petrification.
You are immune to rotting.


Message History

* * * LOW HITPOINT WARNING * * *
2 orc wizards come into view.
You see here 3 arrows.
Drink which item? (? for menu, Esc to quit)
It was a potion of brilliance.
You feel clever all of a sudden.
Drink which item? (? for menu, Esc to quit)
It was a potion of invisibility.
You fade into invisibility!
You are very lightly contaminated with residual magic.
Drink which item? (? for menu, Esc to quit)
It was a potion of might.
You feel very mighty all of a sudden.
Drink which item? (? for menu, Esc to quit)
It was a potion of cure mutation.
It has a very clean taste.
The centaur shoots an arrow.
The arrow barely misses you.
You are too injured to fight recklessly!
The centaur shoots an arrow.
The arrow hits you!
You die...
Fedhas appreciates your contribution to the ecosystem.

######.#..........
#####.############
#
#...............##
#
#........###.....#
###........#
#.....#
...........#
#.....#
....####...#
#..[..# ....#
#...# #.....#
....# #...#
#(.@.c# ....#
##### ####(##
....# #(# ....#
#o# #...# #.#
##### #.# ... ...
o..


You could see a centaur and an orc.

Vanquished Creatures
  A crimson imp (D:3)
  4 orc priests (D:4)
  A worker ant (D:5)
  An orc wizard (D:4)
  A hound skeleton (D:4)
  6 adders
  A shadow imp (D:5)
  2 oozes (D:3)
  4 worms
  3 giant geckos
  9 orcs (D:4)
  3 bats (D:2)
  6 giant cockroaches
  6 hobgoblins
  10 kobolds
  3 quokkas
  3 ball pythons
  2 giant newts
  6 goblins
  6 rats
78 creatures vanquished.

Vanquished Creatures (others)
  15 toadstools
15 creatures vanquished.

Grand Total: 93 creatures vanquished

Notes
Turn   | Place    | Note
--------------------------------------------------------------
     0 | D:1      | Goblin1989 the Gargoyle Gladiator began the quest for the Orb.
     0 | D:1      | Reached XP level 1. HP: 12/12 MP: 1/1
   132 | D:1      | Reached XP level 2. HP: 15/17 MP: 2/2
   661 | D:2      | Reached skill level 4 in Staves
   661 | D:2      | Reached XP level 3. HP: 19/21 MP: 3/3
   885 | D:2      | Reached XP level 4. HP: 24/26 MP: 4/4
  1012 | D:2      | Reached skill level 5 in Staves
  1827 | D:3      | Reached XP level 5. HP: 20/30 MP: 5/5
  1838 | D:3      | Found a glowing golden altar of the Shining One.
  1838 | D:3      | Found a basalt altar of Yredelemnul.
  1839 | D:3      | Found a blossoming altar of Fedhas.
  1860 | D:3      | Found a bloodstained altar of Trog.
  1863 | D:3      | Became a worshipper of Fedhas Madash
  2093 | D:3      | Noticed matakusis's ghost (average DsGl)
  2257 | D:4      | Found a sacrificial altar of Ru.
  2338 | D:4      | Reached skill level 6 in Staves
  2491 | D:4      | Found a shattered altar of Ashenzari.
  2605 | D:4      | Reached XP level 6. HP: 22/35 MP: 6/6
  2955 | D:4      | Reached skill level 7 in Staves
  3051 | D:5      | Entered Level 5 of the Dungeon
  3178 | D:5      | Shot with an arrow by a centaur

Vault maps used:
D:1:      scummos_arrival_checkerplants
D:3:      nicolae_overflow_quartered_altars
D:4:      overflow_temple_1_default, nicolae_ru_awakened_eye
D:5:      minmay_opposing_rooms, first_bread, corexii_checkpoint_a

Action                   |  1- 3 |  4- 6 || total
-------------------------+-------+-------++-------
Melee: Quarterstaff      |   107 |   219 ||   326
  Use: Potion            |       |     4 ||     4
  Eat: Bread ration      |       |     2 ||     2
       Chunk             |       |     1 ||     1
